 Dungeon Crawl Stone Soup version 0.29.1-15-g9cfb28693d (webtiles) character file.

Game seed: 6912849963533372322

5 Silvore the Trooper (level 1, -3/18 HPs)
             Began as a Demonspawn Monk on Apr 30, 2023.
             Slain by a hobgoblin (6 damage)
             ... led by Robin
             ... on level 2 of the Dungeon.
             The game lasted 00:00:30 (455 turns).

Silvore the Trooper (Demonspawn Monk)                Turns: 455, Time: 00:00:31

Health: -3/18      AC:  2    Str: 11    XL:     1   Next: 66%
Magic:  1/1        EV: 13    Int: 11    God:
Gold:   31         SH:  0    Dex: 15    Spells: 0/0 levels left

rFire   . . .      SeeInvis .   a - +0 mace (freeze)
rCold   . . .      Faith    .   (no shield)
rNeg    . . .      Spirit   .   b - +0 robe
rPois   .          Reflect  .   (no helmet)
rElec   .          Harm     .   (no cloak)
rCorr   .          Rampage  .   (no gloves)
Will    .....                   (no boots)
Stlth   ++........              (no amulet)
HPRegen 0.06/turn               (no ring)
MPRegen 0.07/turn               (no ring)

@: no status effects
A: no striking features
a: no special abilities


You were on level 2 of the Dungeon.
You visited 1 branch of the dungeon, and saw 2 of its levels.

You collected 31 gold pieces.

Inventory:

Hand Weapons
 a - a +0 mace of freezing (weapon)
Armour
 b - a +0 robe (worn)
Scrolls
 g - a scroll of enchant armour {unknown}
Potions
 c - a potion of ambrosia
 d - 4 potions of brilliance {unknown}


   Skills:
 + Level 3.1 Fighting
 + Level 2.8 Maces & Flails
 + Level 2.8 Dodging
 + Level 1.7 Stealth


You couldn't memorise any spells.
You didn't know any spells.
Your spell library was empty.

Dungeon Overview and Level Annotations

Branches:
Dungeon (2/15)

Altars:

Shops:
D:2 (

Annotations:
D:2 Robin


Message History

The goblin shouts! x4; The kobold shouts!
The goblin shouts!
The jackal barks!
You hear a bark!
You hear a shout!
Found Ruowaa's Antique Weapon Boutique.
There is a stone staircase leading up here.
There are monsters nearby!
There are monsters nearby!
There are monsters nearby!
There are monsters nearby!
A goblin comes into view. It is wielding a +0 club.
Found a scroll labelled LEEPAI FOIN.
The goblin shouts! x2; You hear a bark!
You hear an angry hiss.
The goblin hits you with a +0 dagger.
Found a coral ring.
The goblin shouts!
Robin shouts!
A jackal comes into view.
The goblin closely misses you. The goblin misses you. x2
Robin roars a battlecry!
The goblins go into a battle-frenzy!
The hobgoblin closely misses you. The goblin barely misses you.
The goblin attacks as you move away! The goblin misses you.
The goblin attacks as you move away! The goblin hits you with a +0 club.
The hobgoblin misses you. Robin throws the goblin at you!
There is a stone staircase leading up here.
The goblin barely misses you. The jackal bites you.
The hobgoblin closely misses you.
A frilled lizard comes into view.
The jackal misses you. x2; The goblin barely misses you.
The hobgoblin completely misses you. The goblin barely misses you.
The goblin closely misses you. The jackal bites you.
* * * LOW HITPOINT WARNING * * *
The jackal misses you.
The hobgoblin hits you but does no damage.
The goblin hits you with a +0 dagger.
* * * LOW HITPOINT WARNING * * *
The goblin hits you but does no damage. The goblin barely misses you.
The jackal misses you. The jackal completely misses you.
The jackal barely misses you. The jackal misses you.
The goblin barely misses you. The hobgoblin hits you.
You die...

.?.. ###.#
..... ..#.#####
..... .........
.....##.......#
#.#............
.......g.Kg...#
......gggg#
......ggg##
.....gg@h#
...#####h# ..
#l# . #.. ...
..# .... ...


You could see Robin, 2 jackals, a hobgoblin (strong), 9 goblins, a kobold and a
frilled lizard.

Vanquished Creatures
  An endoplasm (D:1)
  A hobgoblin (D:1)
  A kobold (D:1)
  A ball python (D:1)
  A rat (D:1)
5 creatures vanquished.

Notes
Turn   | Place    | Note
-------+----------+-------------------------------------------
     0 | D:1      | Silvore the Demonspawn Monk began the quest for the Orb.
     0 | D:1      | Reached XP level 1. HP: 18/18 MP: 1/1
   447 | D:2      | Noticed Robin
   447 | D:2      | Found Ruowaa's Antique Weapon Boutique.
   455 | D:2      | Slain by a hobgoblin

Illustrated notes

Levels and vault maps discovered:
D:1:      ebering_trefoil_twist, layout_basic, shapermc_ecumenical_altar_ellora,
          serial_shops, nicolae_shop_statue_plus
D:2:      layout_loops_cross, serial_shops, shop, shop, shop_statue, shop,
          nicolae_shop_hallway_plus, minmay_misc_feat_square, uniq_robin,
          uniq_natasha

Action                   || total
-------------------------++-------
Melee: Mace              ||    13
  Use: Scroll            ||     2
 Stab: Sleeping          ||     2
Armor: Robe              ||     3
Dodge: Dodged            ||    28
